Map: Oxide LE

Players

soul - Winner!

  • Race: Terran Terran
  • League: Grandmaster
  • Spawn Location: 7:00

TheCowboy

  • Race: Protoss Protoss
  • League: Grandmaster
  • Spawn Location: 1:00

VOD

Have the link to the VOD?

Description

Time

  • Played on: Dec. 27, 2020, 10:46 a.m.
  • Length: 11:59
Show
View Real Time Build Order
Export as new Build Order

soul Terran - Winner!

Build Orders: Reaper Expand 

Get SALT Encoding   

  12  0:00  SCV  
  13  0:12  SCV  
  14  0:17  Supply Depot  
  14  0:25  SCV  
  15  0:39  Barracks, SCV  
  16  0:44  Refinery  
  16  0:51  SCV  
  17  1:03  SCV  
  18  1:15  SCV  
  19  1:28  Reaper  
  19  1:29  Orbital Command  
  20  1:41  Command Center  
  20  1:53  Supply Depot  
  20  1:55  SCV  
  20  2:00  Marine  
  22  2:07  SCV  
  23  2:11  Factory  
  23  2:19  Bunker  
  23  2:20  SCV  
  24  2:22  Barracks Reactor  
  24  2:27  Refinery  
  24  2:34  SCV  
  24  2:46  SCV  
  25  2:53  Orbital Command  
  25  2:55  Hellion  
  25  2:56  Starport  
  27  2:59  SCV  
  27  3:01  Marine  
  29  3:05  Marine  
  29  3:11  SCV  
  31  3:18  Factory Tech Lab  
  31  3:19  Marine  
  32  3:21  SCV  
  32  3:23  SCV  
  34  3:30  Marine  
  34  3:33  SCV  
  36  3:34  Viking  
  36  3:35  SCV  
  36  3:36  Marine  
  36  3:37  Cyclone  
  36  3:40  Supply Depot  
  43  3:45  SCV  
  43  3:47  SCV  
  45  3:51  Barracks  
  45  3:55  Barracks  
  45  3:57  SCV  
  45  4:02  SCV  
  46  4:05  Marine x2  
  46  4:09  Siege Tank, SCV  
  52  4:14  SCV  
  53  4:18  Engineering Bay  
  53  4:21  SCV  
  54  4:29  Refinery  
  54  4:31  Marine  
  54  4:32  Supply Depot, SCV, Reaper  
  54  4:35  Supply Depot  
  54  4:37  SCV  
  58  4:42  Barracks Tech Lab  
  58  4:44  SCV, Starport Reactor  
  59  4:48  Stimpack  
  59  4:49  SCV, Marine  
  61  4:54  Marauder  
  61  4:55  Refinery  
  61  4:56  SCV  
  61  4:59  Terran Infantry Weapons Level 1  
  64  5:02  Marauder, SCV  
  67  5:08  SCV  
  67  5:12  Supply Depot  
  67  5:13  Marine  
  69  5:14  SCV, Marine  
  69  5:15  Marauder  
  69  5:19  Combat Shield  
  69  5:20  SCV  
  74  5:22  Factory Reactor  
  76  5:28  Marauder  
  76  5:31  SCV  
  76  5:35  Supply Depot x2, SCV  
  78  5:38  Marauder, Marine  
  78  5:39  Marine  
  81  5:44  Medivac, SCV  
  81  5:46  Medivac  
  86  5:56  Marine  
  87  5:59  Marine  
  87  6:00  Marauder  
  87  6:04  Widow Mine x2  
  94  6:06  Marine  
  95  6:11  Command Center  
  95  6:18  Medivac  
  97  6:19  Supply Depot  
  97  6:20  Supply Depot  
  97  6:21  Marauder, Marine  
  97  6:24  Medivac  
  97  6:25  Marine  
  102  6:28  Concussive Shells  
  102  6:30  Marauder  
  102  6:43  Marauder  
  102  6:44  Barracks, Supply Depot, Marine  
  102  6:45  Supply Depot  
  102  6:46  Barracks  
  102  6:47  Marine  
  105  6:52  Marauder  
  108  6:54  Medivac  
  104  7:02  Marine  
  104  7:04  Marine x2  
  101  7:10  SCV x2  
  101  7:12  Widow Mine x2  
  101  7:13  Marauder, Medivac  
  111  7:19  Marine  
  111  7:21  Marine  
  111  7:22  SCV x2, Marine  
  114  7:24  Medivac  
  117  7:33  Widow Mine  
  117  7:34  Marauder  
  118  7:37  Marine x2  
  118  7:38  Marine  
  118  7:40  Marauder, Marine  
  121  7:51  Widow Mine  
  116  7:54  Marine  
  116  7:55  Widow Mine, Marine  
  116  7:56  Marauder  
  122  7:59  Marine  
  122  8:00  Marine  
  122  8:01  Supply Depot, Marauder  
  126  8:12  Marine  
  123  8:13  Marine  
  123  8:17  Marauder, Marine  
  123  8:18  Marine  
  129  8:20  Supply Depot  
  129  8:21  Widow Mine x2  
  129  8:23  Marauder  
  129  8:25  Liberator  
  137  8:30  Marine  
  137  8:31  Marine  
  123  8:35  Marine x2  
  123  8:39  Marauder  
  113  8:43  Widow Mine  
  113  8:44  Marine  
  113  8:48  Marine  
  108  8:49  Marine  
  108  8:52  Marine  
  108  8:53  Marine  
  106  9:00  Marauder  
  106  9:02  Marine  
  106  9:06  Marine x2  
  108  9:10  Marine  
  108  9:11  Marine  
  113  9:18  Liberator  
  113  9:19  Marine  
  113  9:21  Marine  
  113  9:24  Marine x2  
  116  9:28  Marine  
  116  9:29  Marine  
  119  9:38  Marauder  
  121  9:39  Marauder  
  121  9:41  Marine  
  121  9:42  Marine  
  120  9:47  Marine  
  120  9:49  Marine  
  118  9:59  Marine  
  116  10:00  Marine  
  116  10:05  Marine  
  115  10:10  Liberator x2  
  119  10:17  Marine  
  119  10:20  Widow Mine  
  122  10:24  Marauder, Marine x2  
  122  10:27  Marine  
  115  10:29  Marine  
  113  10:37  Marine  
  113  10:41  Marine  
  104  10:44  Marine  
  104  10:45  Marine  
  104  10:46  Marine  
  104  10:47  Marine  
  87  10:55  Marine  
  71  10:59  Marine  
  71  11:02  Marine x2  
  74  11:04  Marine  
  74  11:05  Medivac  
  74  11:10  Marauder  
  79  11:13  Marine  
  82  11:18  Widow Mine  
  82  11:22  Marine  
  82  11:23  Marauder  
  85  11:25  Marine  
  85  11:30  Marine  
  85  11:32  Widow Mine, Marine  
  90  11:34  Marine  
  91  11:40  Marine  
Show
View Real Time Build Order
Export as new Build Order

TheCowboy Protoss 

Build Orders: 1 Gate Expand, Oracle Opening 

Get SALT Encoding   

  12  0:02  Probe  
  13  0:14  Probe  
  14  0:18  Pylon  
  14  0:26  Probe (Chrono Boost)  
  15  0:37  Gateway  
  15  0:38  Probe (Chrono Boost)  
  15  0:42  Assimilator  
  16  0:45  Probe (Chrono Boost)  
  17  0:52  Probe  
  18  1:04  Probe  
  19  1:17  Probe  
  20  1:25  Cybernetics Core  
  20  1:35  Nexus  
  20  1:39  Pylon  
  20  1:43  Probe  
  21  1:49  Assimilator  
  21  1:55  Probe  
  21  1:58  Adept (Chrono Boost)  
  22  2:07  Probe  
  25  2:19  Probe  
  26  2:23  Stargate, Adept  
  28  2:31  Probe (Chrono Boost)  
  28  2:36  Warp Gate  
  29  2:42  Probe (Chrono Boost)  
  30  2:49  Probe (Chrono Boost)  
  32  2:51  Probe (Chrono Boost)  
  32  2:53  Adept  
  32  2:57  Probe (Chrono Boost)  
  36  3:00  Probe (Chrono Boost)  
  36  3:02  Probe (Chrono Boost)  
  37  3:08  Oracle (Chrono Boost)  
  37  3:09  Probe  
  41  3:14  Probe  
  41  3:15  Pylon  
  42  3:22  Probe  
  42  3:26  Probe  
  44  3:29  Gateway  
  44  3:31  Twilight Council  
  44  3:34  Gateway  
  44  3:35  Probe  
  44  3:38  Probe  
  46  3:47  Probe  
  47  3:50  Probe  
  47  3:55  Nexus  
  48  3:59  Pylon  
  48  4:03  Blink (Chrono Boost)  
  48  4:04  Probe  
  48  4:05  Probe  
  50  4:13  Pylon  
  50  4:16  Probe  
  51  4:17  Probe  
  52  4:28  Probe  
  52  4:29  Probe  
  52  4:31  Stalker x2  
  58  4:34  Assimilator, Stalker  
  58  4:37  Forge  
  60  4:40  Probe  
  60  4:41  Probe  
  62  4:50  Gateway  
  62  4:52  Gateway  
  62  4:53  Gateway  
  62  4:55  Probe x2  
  64  5:00  Stalker  
  64  5:04  Stalker  
  64  5:05  Sentry  
  70  5:07  Protoss Ground Armor Level 1 (Chrono Boost), Probe  
  70  5:10  Probe x2  
  73  5:17  Pylon  
  73  5:20  Probe  
  74  5:22  Probe x2  
  74  5:26  Pylon, Sentry  
  78  5:29  Charge (Chrono Boost)  
  78  5:32  Probe  
  78  5:37  Probe  
  78  5:39  Zealot x2, Probe  
  84  5:44  Probe  
  84  5:45  Photon Cannon  
  86  5:53  Zealot x4  
  94  6:00  Gateway  
  94  6:01  Gateway  
  94  6:02  Assimilator  
  93  6:10  Zealot x2  
  97  6:13  Shield Battery  
  97  6:14  Pylon, Probe  
  97  6:15  Zealot  
  100  6:21  Pylon  
  100  6:32  Probe  
  101  6:34  Pylon  
  101  6:35  Stalker x4  
  109  6:40  Probe  
  109  6:42  Pylon  
  109  6:43  Stalker x2  
  109  6:45  Pylon  
  114  6:48  Pylon  
  114  6:54  Robotics Facility  
  114  6:56  Pylon  
  112  7:01  Stalker x3  
  112  7:04  Zealot x2  
  112  7:08  Zealot  
  118  7:09  Protoss Ground Armor Level 2 (Chrono Boost), Zealot  
  118  7:12  Probe  
  118  7:15  Assimilator  
  121  7:16  Probe  
  122  7:23  Zealot  
  118  7:32  Zealot x5  
  127  7:42  Zealot x2  
  125  7:45  Stalker  
  125  7:47  Probe  
  116  7:52  Observer (Chrono Boost)  
  116  7:53  Probe x2  
  116  7:55  Stalker  
  116  7:56  Stalker  
  123  8:00  Probe  
  123  8:03  Stalker  
  126  8:10  Sentry x3  
  132  8:16  Stalker x2  
  132  8:19  Immortal (Chrono Boost)  
  134  8:30  Zealot x3  
  118  8:35  Zealot x3  
  108  8:45  Zealot x2  
  92  8:53  Zealot x3  
  82  8:56  Immortal (Chrono Boost)  
  82  9:03  Stalker x3  
  82  9:07  Sentry x2  
  92  9:14  Stalker, Sentry x2  
  98  9:17  Probe x2  
  104  9:32  Stalker x3  
  104  9:33  Sentry  
  104  9:38  Stalker  
  114  9:40  Stalker x2  
  114  9:41  Stalker  
  109  9:57  Protoss Ground Weapons Level 1 (Chrono Boost)  
  109  9:58  Zealot x3  
  85  10:08  Zealot x2  
  85  10:09  Zealot  
  88  10:19  Zealot  
  88  10:20  Zealot x2  
  94  10:24  Robotics Facility  
  82  10:30  Zealot x2  
  82  10:31  Zealot  
  86  10:42  Zealot x3  
  62  10:52  Zealot x3  
  56  11:03  Stalker x2  
  60  11:10  Sentry  
  62  11:12  Sentry x2  
  62  11:15  Stalker  
  62  11:18  Shield Battery  
  65  11:27  Stalker x2  
  65  11:31  Stalker  
  71  11:37  Stalker  
  73  11:50  Stalker  
  75  11:54  Stalker x2  
  75  11:57  Zealot  
Tags
 
Add a new tag
Caveats
  • Supply blocks, unpowered buildings, or Contaminate may cause inaccurate times.
  • Supply counts are checked every 10 seconds.